 Dungeon Crawl Stone Soup version 0.26.1-11-gd32895ea62 (webtiles) character file.

Game seed: 4014412445749083674

63 promet the Grave Robber (level 4, 0/34 HPs)
             Began as a Hill Orc Necromancer on June 2, 2021.
             Slain by an orc
             ... wielding a +0 whip
              (4 damage)
             ... on level 1 of the Dungeon on June 3, 2021.
             The game lasted 00:11:42 (1853 turns).

promet the Grave Robber (Hill Orc Necromancer)      Turns: 1853, Time: 00:11:43

Health: 0/34       AC:  4    Str: 10    XL:     4   Next: 9%
Magic:  1/8        EV: 12    Int: 16    God:
Gold:   44         SH:  0    Dex: 11    Spells: 2/7 levels left

rFire    . . .     SeeInvis .   b - +1 whip
rCold    + . .     Faith    .   (no shield)
rNeg     . . .     Spirit   .   a - +0 robe
rPois    .         Reflect  .   (no helmet)
rElec    .         Harm     .   (no cloak)
rCorr    .         Rampage  .   (no gloves)
Will     .....     Clarity  +   (no boots)
Stlth    ++........             (no amulet)
HPRegen  0.11/turn              (no ring)
MPRegen  0.11/turn              (no ring)

@: no status effects
A: iridescent scales 1, clarity, cold resistance 1, high mp 1
a: no special abilities


You were on level 1 of the Dungeon.
You visited 1 branch of the dungeon, and saw 2 of its levels.

You collected 44 gold pieces.

Inventory:

Hand Weapons
 b - a +1 whip (weapon)
 c - a +0 dagger
Missiles
 d - 4 boomerangs (quivered)
 f - 3 stones
Armour
 a - a +0 robe (worn)


   Skills:
 + Level 0.4 Fighting
 + Level 0.4 Maces & Flails
 + Level 0.1 Throwing
 + Level 1.7 Dodging
 + Level 1.7 Stealth
 * Level 2.3 Spellcasting
 + Level 4.7 Necromancy


You had 2 spell levels left.
You knew the following spells:

 Your Spells              Type           Power        Failure   Level
a - Pain                  Necr           64%          3%          1
b - Animate Skeleton      Necr           32%          3%          1
c - Vampiric Draining     Necr           8%           9%          3

Your spell library contained the following spells:

 Spells                   Type           Power        Failure   Level
 Animate Dead             Necr           8%           28%         4
 Agony                    Necr           16%          63%         5


Dungeon Overview and Level Annotations

Branches:
Dungeon (2/15)

Altars:


Innate Abilities, Weirdness & Mutations

You are partially covered in iridescent scales. (AC +2)
You possess an exceptional clarity of mind.
Your flesh is cold resistant. (rC+)
You have an increased reservoir of magic. (+10% MP)


Message History

* * * LOW HITPOINT WARNING * * *
The orc barely misses you.
There is a stone staircase leading up here.
The orc misses you.
You climb upwards.
There is a stone staircase leading down here.
Casting: Pain (safe; 3% risk of failure)
Confirm with . or Enter, or press ? or * to list all spells.
Aiming: Pain (safe; 3% risk of failure)
Press: ? - help, Shift-Dir - straight line, f - orc
Aim: an orc, wielding a +0 whip (moderately wounded, chance to affect: 87%)
The orc writhes in agony.
The orc hits you with a +0 whip.
* * * LOW HITPOINT WARNING * * *
Casting: Pain (safe; 3% risk of failure)
Confirm with . or Enter, or press ? or * to list all spells.
Aiming: Pain (safe; 3% risk of failure)
Press: ? - help, Shift-Dir - straight line, f/p - orc
Aim: an orc, wielding a +0 whip (heavily wounded, chance to affect: 87%)
The orc barely resists.
The orc hits you with a +0 whip.
You die...

#........##...#.##......
######..###...#.##......
#..##....#.##......
#..##....+.##......
#..##....#.##......
#...+....#.##......
#..##....#.##......
#####..##.#............
#.....@...............#
#....o.##...##.######.#
#......##...#..........
#......##...#..#...#...
#......##..............
#......###.............
#......................
#####..###.#.....#....)
#........#..##.#.....


You could see an orc.

Vanquished Creatures
  An orc wizard (D:2)
  A dart slug (D:2)
  3 leopard geckos (D:1)
  An orc (D:2)
  2 bats (D:1)
  3 giant cockroaches
  6 goblins
  3 hobgoblins
  2 jackals (D:1)
  5 kobolds (D:1)
27 creatures vanquished.

Notes
Turn   | Place    | Note
-------+----------+-------------------------------------------
     0 | D:1      | promet the Hill Orc Necromancer began the quest for the
                  | Orb.
     0 | D:1      | Reached XP level 1. HP: 14/14 MP: 3/3
   176 | D:1      | Reached XP level 2. HP: 18/20 MP: 2/4
   178 | D:1      | Learned a level 1 spell: Animate Skeleton
   498 | D:1      | HP: 1/20 [leopard gecko (3)]
  1229 | D:1      | Reached XP level 3. HP: 26/26 MP: 5/5
  1242 | D:1      | Learned a level 3 spell: Vampiric Draining
  1806 | D:2      | Gained mutation: Your flesh is cold resistant. (rC+)
                  | [potion of mutation]
  1806 | D:2      | Gained mutation: You have an increased reservoir of magic.
                  | (+10% MP) [potion of mutation]
  1806 | D:2      | Gained mutation: You are partially covered in iridescent
                  | scales. (AC +2) [potion of mutation]
  1806 | D:2      | Gained mutation: You possess an exceptional clarity of
                  | mind. [potion of mutation]
  1825 | D:2      | Reached XP level 4. HP: 9/34 MP: 1/8
  1853 | D:1      | Slain by an orc

Illustrated notes

Levels and vault maps discovered:
D:1:      nicolae_arrival_memento_mori, layout_basic, st_stairs_7,
          grunt_decor_clamped
D:2:      layout_loops_ring, minmay_goblin_kobold_house

Skill      XL: |  1  2  3 |
---------------+----------+-----
Spellcasting   | 2 |  2.3
Fighting       | |  0.4
Maces & Flails | |  0.4
Throwing       | |  0.1
Dodging        | |  1.7
Stealth        | |  1.7
Necromancy     | |  4.7

Action                   |  1- 3 |  4- 6 || total
-------------------------+-------+-------++-------
Melee: Whip              |    62 |     1 ||    63
Throw: Boomerang         |     4 |       ||     4
 Cast: Pain              |    34 |     3 ||    37
       Animate Skeleton  |     1 |       ||     1
  Use: Scroll            |     3 |       ||     3
       Potion            |     6 |       ||     6
Armor: Robe              |    18 |       ||    18
Dodge: Dodged            |    41 |     3 ||    44
